Map: Crimson Research Lab LE

Players

Ekelpack

  • Race: Zerg Zerg
  • Spawn Location: 5:00

Nyck

  • Race: Terran Terran
  • Spawn Location: 5:00

CrazyLefiat

  • Race: Terran Terran
  • Spawn Location: 11:00

Til

  • Race: Terran Terran
  • Spawn Location: 11:00

VOD

Have the link to the VOD?

Description

Time

  • Played on: Jan. 1, 2025, 1:35 p.m.
  • Length: 15:18
Show
View Real Time Build Order
Export as new Build Order

Ekelpack Zerg 

Build Orders: Hatch First, Brood Lord Corruptor 

Get SALT Encoding   

  12  0:00  Drone  
  13  0:13  Overlord  
  13  0:21  Drone  
  14  0:33  Drone  
  15  0:48  Hatchery  
  14  0:50  Drone  
  15  1:04  Spawning Pool  
  15  1:07  Drone  
  15  1:14  Drone  
  15  1:16  Extractor  
  15  1:17  Drone  
  16  1:21  Drone  
  17  1:33  Drone  
  18  1:41  Drone  
  19  1:54  Queen  
  19  1:56  Drone  
  22  2:05  Queen  
  24  2:13  Drone  
  24  2:15  Drone  
  26  2:25  Roach Warren  
  26  2:26  Drone  
  26  2:30  Drone  
  26  2:35  Evolution Chamber  
  26  2:41  Overlord  
  26  2:46  Drone x2  
  28  2:51  Extractor  
  27  2:59  Drone x3  
  27  3:02  Zerg Missile Weapons Level 1  
  30  3:13  Drone x5  
  30  3:17  Drone  
  36  3:30  Overlord x2  
  36  3:50  Roach x4  
  36  3:51  Roach x4  
  52  3:56  Overlord  
  52  4:01  Lair  
  52  4:08  Drone, Extractor  
  52  4:21  Drone x3  
  52  4:22  Drone  
  52  4:23  Drone, Overlord  
  57  4:32  Drone x3  
  60  4:43  Extractor  
  59  4:57  Zerg Missile Weapons Level 2  
  59  5:03  Drone x3, Spire  
  59  5:45  Zergling x10  
  59  5:46  Zergling x8  
  59  5:47  Metabolic Boost  
  59  5:49  Overlord x3  
  68  5:54  Hatchery  
  67  6:07  Queen  
  69  6:18  Mutalisk  
  69  6:19  Mutalisk x5  
  69  6:23  Zerg Flyer Weapons Level 1  
  81  6:40  Zergling x2  
  81  6:41  Zergling x8  
  86  6:50  Drone x2  
  88  7:00  Drone x2  
  90  7:06  Drone x3  
  90  7:07  Drone  
  94  7:13  Drone x2  
  94  7:14  Extractor  
  95  7:21  Overlord x3  
  95  7:23  Drone x3  
  95  7:27  Extractor  
  95  7:49  Infestation Pit  
  94  7:51  Drone  
  94  7:52  Drone x5  
  94  7:53  Drone x2  
  102  8:26  Hive, Pneumatized Carapace  
  102  8:28  Zergling x4  
  102  8:29  Zergling x12  
  102  8:30  Zergling x12  
  102  8:31  Zergling x2  
  102  8:32  Zerg Ground Armor Level 1  
  117  8:41  Hatchery  
  116  9:00  Overlord x4, Roach x3  
  116  9:01  Overlord  
  122  9:17  Overlord x2  
  122  9:18  Roach x2  
  122  9:19  Roach x4  
  132  9:44  Drone x5  
  132  9:45  Drone x5  
  142  9:46  Overlord  
  142  9:50  Overseer  
  142  9:51  Overseer  
  142  10:00  Greater Spire  
  142  10:04  Overlord x2  
  142  10:05  Overlord  
  142  10:07  Drone x2  
  142  10:08  Drone x3  
  142  10:13  Queen  
  149  10:17  Corruptor  
  149  10:18  Corruptor x4  
  159  10:24  Extractor  
  159  10:28  Extractor  
  157  10:40  Corruptor x3  
  157  10:41  Corruptor x3  
  159  11:21  Overlord x2  
  159  11:22  Overlord x5  
  159  11:23  Overlord x3  
  159  11:24  Corruptor x8  
  118  11:39  Zergling x6  
  118  11:40  Zergling x12  
  118  11:41  Zergling x10  
  128  11:50  Corruptor  
  100  11:59  Brood Lord x5  
  100  12:00  Brood Lord  
  112  12:06  Corruptor x2  
  112  12:07  Corruptor  
  101  12:09  Queen  
  82  12:29  Brood Lord  
  68  12:45  Brood Lord  
  68  12:46  Brood Lord x2  
  70  13:02  Zerg Flyer Weapons Level 2  
  70  13:09  Corruptor x5  
  80  13:48  Brood Lord x2  
  80  13:49  Brood Lord x3  
  80  13:51  Zergling x10  
  80  13:52  Zergling x12  
  80  13:53  Zergling x4  
  96  14:08  Queen  
  94  14:21  Hatchery  
  93  14:51  Drone x4  
  93  14:52  Drone x5  
Show
View Real Time Build Order
Export as new Build Order

Nyck Terran 

Build Orders:  

Get SALT Encoding   

  12  0:00  SCV  
  13  0:12  SCV  
  14  0:18  Supply Depot  
  14  0:24  SCV  
  15  0:39  SCV  
  15  0:40  Barracks  
  16  0:49  Refinery  
  16  0:51  SCV  
  17  1:04  SCV  
  17  1:09  Barracks  
  18  1:18  SCV  
  19  1:36  Reaper  
  20  1:40  Orbital Command, Barracks  
  20  1:50  Refinery  
  20  1:51  Supply Depot  
  20  1:56  Barracks Tech Lab  
  20  2:07  SCV  
  21  2:09  Barracks Reactor  
  21  2:17  Supply Depot  
  21  2:19  SCV  
  22  2:30  Combat Shield  
  22  2:36  SCV  
  24  2:45  Barracks Reactor  
  23  2:52  SCV  
  24  3:00  Barracks  
  24  3:02  Marine x2  
  26  3:07  SCV  
  26  3:24  Marine x3  
  26  3:25  Marine  
  30  3:28  Command Center  
  30  3:33  Factory  
  30  3:44  Marine  
  30  3:46  Marine  
  32  3:49  Barracks Reactor, Stimpack  
  32  3:55  Marine  
  33  3:57  Marine  
  33  4:00  Marine  
  35  4:21  Starport  
  35  4:31  SCV  
  36  4:33  Marine x3  
  39  4:39  Marine x2  
  39  4:43  Factory Reactor  
  41  4:48  SCV  
  41  4:50  Marine  
  41  4:51  Marine  
  41  4:52  Marine x2  
  46  5:03  Orbital Command  
  46  5:05  SCV  
  47  5:17  SCV  
  48  5:25  Starport  
  48  5:29  SCV  
  48  5:31  SCV  
  48  5:33  Refinery  
  48  5:34  Factory Reactor  
  50  5:36  Marine x3, Refinery  
  50  5:37  Marine  
  54  5:51  Engineering Bay  
  54  6:17  Engineering Bay  
  54  6:22  Supply Depot  
  54  6:27  Terran Infantry Weapons Level 1  
  54  6:44  SCV x2, Marine x4, Medivac  
  54  6:45  Supply Depot  
  62  7:07  SCV x2, Viking  
  66  7:09  Supply Depot  
  66  7:11  Viking x2  
  66  7:13  Command Center  
  70  7:23  Terran Infantry Armor Level 1  
  70  7:30  SCV x2, Marine x5  
  70  7:32  Supply Depot  
  77  7:38  Marine  
  78  7:53  Marine  
  78  7:54  SCV, Medivac x3  
  86  8:09  Command Center  
  86  8:14  Supply Depot  
  86  8:17  SCV x2, Marine x3, Medivac  
  93  8:26  Orbital Command  
  93  8:29  SCV  
  93  8:31  SCV  
  93  8:32  Marine x3  
  98  8:41  Armory  
  98  8:44  Marine x3  
  101  9:01  SCV x3  
  104  9:13  SCV x3, Refinery  
  104  9:16  Marine x3  
  104  9:17  Marine x3  
  110  9:18  Marine  
  114  9:28  Supply Depot  
  114  9:29  Terran Infantry Weapons Level 2  
  114  9:30  Terran Infantry Armor Level 2  
  114  9:34  Marine  
  116  9:38  SCV x3  
  116  9:40  Orbital Command  
  118  9:47  Marine  
  118  9:48  Marine x4  
  118  9:50  SCV x3  
  118  9:51  Supply Depot  
  126  10:05  SCV x3  
  129  10:09  Refinery  
  129  10:11  Marine  
  129  10:12  Marine x6  
  129  10:13  Medivac x3  
  142  10:17  SCV  
  142  10:18  Terran Vehicle And Ship Armor Level 1  
  143  10:27  Supply Depot  
  143  10:29  Marine x4  
  143  10:30  SCV x4  
  143  10:32  Marine x3  
  154  10:38  Refinery  
  154  10:42  SCV x2  
  156  10:48  SCV x2, Marine x4  
  156  10:49  Supply Depot  
  162  10:50  Command Center  
  162  10:52  Marine x2  
  164  10:57  SCV  
  164  10:59  SCV  
  164  11:00  Marine  
  146  11:12  Supply Depot  
  146  11:15  Marine x5  
  90  11:35  Supply Depot  
  32  12:02  Marine x7  
  32  12:08  Liberator x4  
  46  12:19  Marine  
  46  12:20  Marine x4  
  42  12:42  Marine  
  42  12:43  Marine x6  
  34  12:56  Orbital Command  
  32  13:00  Marine x6  
  32  13:01  Marine  
  37  13:18  Marine x6  
  43  13:35  SCV  
  44  14:16  Orbital Command  
  44  14:25  SCV  
  45  14:37  SCV  
  46  14:45  SCV  
  47  14:49  SCV  
  48  14:57  SCV  
  40  15:01  SCV  
Show
View Real Time Build Order
Export as new Build Order

CrazyLefiat Terran 

Build Orders: 2 Factory, Mech 

Get SALT Encoding   

  12  0:01  SCV  
  13  0:18  SCV  
  13  0:20  Supply Depot  
  14  0:30  SCV  
  14  0:34  Refinery  
  15  0:43  Barracks  
  15  0:46  SCV  
  16  0:59  SCV  
  17  1:31  Command Center  
  17  1:42  Factory  
  17  1:44  Marine  
  18  1:57  Orbital Command  
  18  2:12  Marine  
  19  2:21  Bunker  
  19  2:25  Factory  
  19  2:30  SCV  
  19  2:36  Marine  
  21  2:39  Factory Tech Lab  
  21  2:46  Refinery  
  21  2:57  Orbital Command  
  21  3:00  SCV  
  22  3:09  Siege Tank  
  22  3:12  SCV  
  26  3:17  Orbital Command  
  26  3:22  Marine  
  27  3:38  Factory Reactor  
  27  3:40  SCV  
  28  3:46  Armory  
  28  3:47  Bunker  
  28  3:52  SCV  
  29  4:00  Siege Tank  
  32  4:04  SCV  
  33  4:17  Supply Depot  
  33  4:19  Supply Depot, SCV x2  
  35  4:31  SCV  
  35  4:35  SCV  
  37  4:40  Terran Vehicle Weapons Level 1  
  37  4:43  SCV  
  38  4:47  SCV  
  39  4:55  SCV  
  39  4:58  Thor  
  39  4:59  SCV  
  47  5:05  Factory  
  47  5:08  SCV  
  47  5:09  Supply Depot  
  47  5:11  SCV  
  49  5:20  SCV  
  50  5:31  SCV  
  50  5:32  SCV  
  50  5:34  Refinery x2  
  52  5:41  Siege Tank  
  55  5:42  Armory  
  55  5:44  SCV  
  55  5:49  Command Center  
  56  5:51  SCV  
  57  5:57  SCV  
  57  6:01  Factory Tech Lab  
  57  6:03  SCV  
  59  6:06  Thor  
  59  6:09  SCV, Hellion  
  62  6:14  Supply Depot, Hellion  
  64  6:20  Supply Depot  
  64  6:32  Engineering Bay  
  64  6:36  Thor  
  70  6:42  Terran Vehicle And Ship Armor Level 1  
  70  6:44  Terran Vehicle Weapons Level 2  
  70  7:08  Orbital Command  
  70  7:19  Missile Turret  
  70  7:22  Missile Turret  
  70  7:24  Missile Turret  
  70  7:25  Missile Turret  
  70  7:27  SCV  
  70  7:28  SCV  
  72  7:39  SCV  
  73  7:48  Orbital Command  
  73  7:57  Siege Tank x2, Hellion x2  
  83  8:10  SCV x2  
  85  8:18  Hellbat  
  87  8:21  Missile Turret  
  87  8:22  SCV x2  
  87  8:23  Neosteel Armor  
  89  8:29  Supply Depot, Siege Tank  
  89  8:31  Supply Depot  
  89  8:32  Supply Depot  
  92  8:34  SCV x2  
  94  8:46  SCV  
  95  8:48  Thor  
  95  8:50  Hellbat  
  95  8:52  Hellion  
  105  9:01  Siege Tank  
  108  9:12  Hellbat  
  108  9:14  Hellbat  
  112  9:23  Factory  
  112  9:24  Refinery  
  112  9:26  Refinery  
  112  9:28  Missile Turret  
  112  9:32  Hellbat  
  112  9:33  Thor  
  120  9:47  Terran Vehicle Weapons Level 3  
  120  9:51  Terran Vehicle And Ship Armor Level 2  
  120  9:53  Siege Tank  
  123  10:07  Missile Turret  
  123  10:08  Missile Turret  
  123  10:11  Missile Turret  
  123  10:12  Factory Tech Lab  
  123  10:15  Thor  
  123  10:16  Hellbat  
  131  10:37  SCV x2  
  131  10:39  Hellion  
  131  10:40  Hellion x4  
  133  10:46  Command Center  
  131  11:20  Supply Depot  
  131  11:21  Supply Depot  
  131  11:22  Thor x3  
  131  11:23  Supply Depot  
  131  11:58  Hellbat  
  131  11:59  Hellbat  
  127  12:04  Thor  
  127  12:05  Thor x2  
  139  12:20  Hellion, Hellbat  
  125  12:41  Hellbat x2  
  129  12:47  Siege Tank, Thor  
  129  12:48  Siege Tank  
  141  13:03  Hellbat  
  143  13:09  Hi-Sec Auto Tracking  
  143  13:16  SCV x3  
  149  13:20  Siege Tank, Thor, Hellion x7  
  155  13:28  SCV x3  
  155  13:30  Thor  
  164  13:40  SCV x3  
  167  13:52  Siege Tank, SCV  
  167  13:53  SCV x2  
  167  13:54  Hellbat  
  167  13:55  Hellbat  
  177  14:03  Thor  
  177  14:04  SCV  
  177  14:05  SCV x2  
  186  14:22  Supply Depot  
  186  14:24  Supply Depot  
  186  14:25  Supply Depot  
  186  14:37  Planetary Fortress  
  186  14:41  Missile Turret  
  192  14:46  Supply Depot, Missile Turret x2  
  192  14:48  Missile Turret  
  192  14:50  Supply Depot  
Show
View Real Time Build Order
Export as new Build Order

Til Terran 

Build Orders:  

Get SALT Encoding   

  12  0:00  SCV  
  13  0:18  Supply Depot  
  13  0:19  SCV  
  14  0:40  SCV  
  15  0:46  Barracks  
  15  0:53  SCV  
  16  0:57  Refinery  
  16  1:05  SCV  
  17  1:17  SCV  
  18  1:29  SCV  
  19  1:55  SCV  
  19  1:56  Refinery  
  19  1:58  Barracks Tech Lab  
  20  2:09  SCV  
  21  2:17  Reaper  
  22  2:24  Orbital Command  
  22  2:29  Command Center  
  22  2:34  Barracks  
  22  2:35  Barracks  
  22  2:37  Stimpack  
  22  2:53  SCV  
  23  3:23  Supply Depot  
  23  3:25  Supply Depot  
  23  3:27  Factory  
  23  3:34  Barracks Reactor  
  23  3:36  Barracks Reactor  
  23  3:40  SCV, Marauder  
  26  3:47  Supply Depot  
  26  3:56  SCV, Engineering Bay  
  26  4:02  Marauder  
  29  4:08  SCV  
  30  4:13  Factory Tech Lab  
  30  4:16  Starport  
  30  4:21  Orbital Command  
  30  4:29  Supply Depot  
  30  4:30  Supply Depot  
  30  4:31  Engineering Bay  
  30  4:50  SCV  
  30  4:52  SCV  
  32  4:56  Marine  
  32  4:57  Marine x3  
  36  5:00  Starport Reactor  
  36  5:04  SCV  
  37  5:07  Refinery  
  36  5:14  Marine  
  36  5:15  Marine  
  36  5:17  Concussive Shells  
  36  5:19  Orbital Command  
  36  5:44  Marine x4  
  36  5:45  Marauder  
  36  5:47  Medivac  
  44  5:51  SCV  
  45  6:04  Siege Tank  
  45  6:07  Marauder  
  50  6:13  SCV x2  
  52  6:21  Supply Depot x2  
  52  6:22  Medivac  
  54  6:26  SCV  
  54  6:27  SCV  
  54  6:28  Marauder  
  54  6:29  Marine  
  59  6:42  Missile Turret  
  59  6:45  Terran Infantry Weapons Level 1  
  59  6:46  Terran Infantry Armor Level 1  
  59  6:49  Missile Turret, Marauder  
  59  6:50  Missile Turret  
  61  6:54  SCV  
  61  6:57  Missile Turret  
  62  7:13  Missile Turret  
  62  7:15  SCV x2  
  64  7:17  Missile Turret  
  64  7:20  Missile Turret  
  64  7:26  Marine x4, Marauder  
  64  7:27  SCV x2  
  64  7:29  Combat Shield, Missile Turret  
  71  7:44  Marine x4  
  71  7:47  Medivac  
  71  7:48  Marauder, Medivac  
  71  7:49  Siege Tank  
  84  7:57  Supply Depot  
  84  8:02  Marine x3  
  84  8:04  Armory  
  87  8:21  Siege Tank  
  90  8:33  Medivac x2  
  94  8:36  Command Center  
  94  8:40  Hi-Sec Auto Tracking  
  94  8:43  Supply Depot  
  94  9:06  SCV x2  
  96  9:18  SCV  
  97  9:24  Missile Turret  
  97  9:25  Missile Turret  
  97  9:28  Missile Turret  
  97  9:33  Siege Tank, Marine  
  97  9:34  Marine x4  
  105  9:51  Marine x2  
  105  9:52  Marine x3  
  110  10:03  Terran Vehicle Weapons Level 1, Command Center  
  110  10:05  Siege Tank  
  113  10:09  Refinery  
  113  10:14  SCV x2  
  115  10:26  SCV  
  115  10:27  SCV  
  117  10:28  Orbital Command  
  117  10:38  SCV  
  118  10:43  Marine x2  
  118  10:44  Marine x3  
  123  10:51  Barracks  
  123  10:56  Supply Depot  
  123  11:01  Marine x2  
  125  11:15  Siege Tank  
  74  11:47  Siege Tank  
  74  11:50  Marine  
  74  11:51  Marine x4  
  69  12:08  Marine x2  
  69  12:09  Marine x3  
  74  12:26  Marine x5  
  76  12:43  Viking  
  76  12:44  Marine x5, Viking  
  79  12:54  SCV  
  80  12:59  SCV x2  
  80  13:02  Marine  
  80  13:03  Marine x4  
  84  13:06  SCV  
  84  13:11  Supply Depot, SCV x2  
  84  13:13  Viking x2  
  84  13:14  Supply Depot  
  84  13:18  SCV  
  86  13:20  Marine  
  86  13:21  Marine x4  
  86  13:23  SCV  
  86  13:24  Refinery  
  91  13:28  Refinery  
  91  13:30  SCV  
  89  13:38  Marine x2  
  89  13:39  Marine x3  
  92  13:42  SCV  
  92  13:43  Viking x2  
  96  13:50  Barracks Reactor  
  96  13:55  Marine  
  96  13:56  Marine  
  96  13:57  Marine  
  99  14:08  SCV x3  
  102  14:13  Viking x2  
  106  14:20  SCV x3  
  106  14:22  Starport x2  
  109  14:28  Starport  
  109  14:29  Starport  
  109  14:31  Marine x2  
  109  14:32  SCV, Marine x5  
  117  14:49  Marine x3  
  117  14:50  Marine x2  
Tags
 
Add a new tag
Caveats
  • Supply blocks, unpowered buildings, or Contaminate may cause inaccurate times.
  • Supply counts are checked every 10 seconds.